 Dungeon Crawl Stone Soup version 0.20.0-15-g7f486f2 (webtiles) character file.

1593 theemperora the Conjurer (level 8, -2/37 HPs)
             Began as a Deep Elf Fire Elementalist on June 10, 2017.
             Was an Initiate of Sif Muna.
             Shot with a sling bullet by Joseph (9 damage)
             ... on level 7 of the Dungeon.
             The game lasted 00:48:30 (9526 turns).

theemperora the Conjurer (DEFE)                     Turns: 9526, Time: 00:48:31

Health: -2/37      AC:  8    Str:  7    XL:     8   Next: 61%
Magic:  7/16       EV: 15    Int: 21    God:    Sif Muna [......]
Gold:   291        SH:  0    Dex: 15    Spells: 4/17 levels left

rFire    . . .     SeeInvis +   s - +5 trident
rCold    . . .     Gourm    .   (no shield)
rNeg     + . .     Faith    .   a - +0 robe
rPois    .         Spirit   .   h - +2 helmet
rElec    .         Reflect  .   r - +0 cloak
rCorr    .         Harm     .   o - +0 pair of gloves
MR       .....     Clarity  +   k - +0 pair of boots
Stlth    ++........             (no amulet)
Regen    0.2/turn               c - ring of positive energy
MPRegen  0.2/turn               A - ring of wizardry

@: no status effects
A: see invisible, clarity, frail 1, low mp 1
a: Renounce Religion


You were on level 7 of the Dungeon.
You worshipped Sif Muna.
Sif Muna was noncommittal.
You were not hungry.

You visited 2 branches of the dungeon, and saw 8 of its levels.

You collected 291 gold pieces.

Inventory:

Hand Weapons
 d - a +0 spear
 f - a +0 falchion
 q - a +4 spear
 s - a +5 trident (weapon)
 t - a cursed -2 war axe
Armour
 a - a +0 robe (worn)
 h - a +2 helmet (worn)
 k - a +0 pair of boots (worn)
 o - a +0 pair of gloves (worn)
 r - a +0 cloak (worn)
 B - the +2 scale mail of Makhleb's Envy {rPois rF+}
   (You found it on level 6 of the Dungeon)

   It protects you from fire.
   It protects you from poison.
Jewellery
 c - a ring of positive energy (left hand)
 l - an uncursed ring of flight
 n - an uncursed ring of resist corrosion
 A - a ring of wizardry (right hand)
Wands
 y - a wand of flame (33/48)
Scrolls
 e - a scroll of magic mapping
 i - 2 scrolls of remove curse
Potions
 g - 2 potions of lignification
 j - a potion of curing
 u - a potion of ambrosia
 z - a potion of might
 C - a potion of brilliance {unknown}
Books
 b - a book of Flames

   Spells                             Type                      Level
   a - Flame Tongue                   Conjuration/Fire             1
   b - Throw Flame                    Conjuration/Fire             2
   c - Conjure Flame                  Conjuration/Fire             3
   d - Inner Flame                    Hexes/Fire                   3
   e - Sticky Flame                   Conjuration/Fire             4
   f - Fireball                       Conjuration/Fire             5
 m - a book of Misfortune

   Spells                             Type                      Level
   a - Confusing Touch                Hexes                        1
   b - Confuse                        Hexes                        3
   c - Gell's Gravitas                Translocation                3
   d - Petrify                        Transmutation/Earth          4
   e - Metabolic Englaciation         Hexes/Ice                    5
   f - Yara's Violent Unravelling     Hexes/Transmutation          5
Comestibles
 p - a fruit
 v - a royal jelly
 x - 2 bread rations


   Skills:
 - Level 0.4 Fighting
 - Level 0.9 Polearms
 * Level 5.5 Dodging
 - Level 2.5 Stealth
 - Level 5.2 Spellcasting
 + Level 7.6 Conjurations
 - Level 7.5 Fire Magic


You had 4 spell levels left.
You knew the following spells:

 Your Spells              Type           Power        Failure   Level  Hunger
a - Flame Tongue          Conj/Fire      #####        1%          1    None
b - Conjure Flame         Conj/Fire      #####...     1%          3    ##.....
c - Sticky Flame          Conj/Fire      #####...     1%          4    ####...
d - Fireball              Conj/Fire      #####.....   5%          5    #####..


Dungeon Overview and Level Annotations

Branches:
Dungeon (7/15)             Temple (1/1) D:6

Altars:
Ashenzari
Cheibriados
Dithmenos
Elyvilon
Fedhas
Gozag
Hepliaklqana
Makhleb
Nemelex Xobeh
Okawaru
Qazlal
Ru
Sif Muna
Trog
Uskayaw
Vehumet
Xom
Yredelemnul
Zin
The Shining One

Annotations:
D:7 Joseph


Innate Abilities, Weirdness & Mutations

You have supernaturally acute eyesight. (SInv)
You possess an exceptional clarity of mind.
You are frail. (-10% HP)
Your magical capacity is low. (-10% MP)


Message History

Joseph says, "I'm happy to see you. And I'll be happy to kill you."
Joseph shoots a sling bullet.
The sling bullet closely misses you.
Casting: Flame Tongue
Confirm with . or Enter, or press ? or * to list all spells.
Aiming: Flame Tongue
Press: ? - help, Shift-Dir - straight line, f/p - Joseph
Aim: Joseph, wielding a hunting sling and wearing a ring mail (heavily wounded)
The flame tongue hits Joseph.
Joseph is severely wounded.
Joseph shoots a sling bullet.
The sling bullet hits you!
* * * LOW HITPOINT WARNING * * *
Casting: Flame Tongue
Confirm with . or Enter, or press ? or * to list all spells.
Aiming: Flame Tongue
Press: ? - help, Shift-Dir - straight line, f/p - Joseph
Aim: Joseph, wielding a hunting sling and wearing a ring mail (severely wounded)
The flame tongue hits Joseph.
Joseph is severely wounded.
Joseph shoots a sling bullet.
The sling bullet hits you!
You die...

####################
..........#..#!.#..#+##.
.....#..................
.(.<.'.......((.@...@...
>....#..................
....###..#########..###.
#######..# ..#
..........# ...
..........# ....
..........# .. ....
...<##...## (.. ##..
....##...# ....


You could see Joseph.

Vanquished Creatures
  2 centaurs
  3 ogres
  2 bullfrogs
  A gnoll sergeant (D:6)
  5 scorpions
  3 electric eels (D:5)
  4 hounds
  A quasit (D:6)
  A bullfrog zombie (D:6)
  2 orc priests (D:2)
  An iguana (D:6)
  2 orc wizards
  13 gnolls
  3 adders
  2 shadow imps (D:5)
  2 oozes
  An adder skeleton (D:4)
  2 worms
  A dart slug (D:1)
  3 leopard geckos
  16 orcs
  4 bats
  5 giant cockroaches
  9 goblins
  8 hobgoblins
  18 jackals
  9 kobolds
  3 quokkas
  2 ball pythons
  10 frilled lizards
  A leopard gecko skeleton (D:6)
  A quokka skeleton (D:5)
  9 rats
149 creatures vanquished.

Vanquished Creatures (others)
  A plant (D:5)
1 creature vanquished.

Grand Total: 150 creatures vanquished

Notes
Turn   | Place    | Note
-------+----------+-------------------------------------------
     0 | D:1      | theemperora the Deep Elf Fire Elementalist began the quest for the Orb.
     0 | D:1      | Reached XP level 1. HP: 10/10 MP: 6/6
   420 | D:1      | Reached XP level 2. HP: 15/15 MP: 2/8
  1275 | D:2      | Reached XP level 3. HP: 19/19 MP: 7/9
  1433 | D:2      | Learned a level 3 spell: Conjure Flame
  2117 | D:2      | Reached XP level 4. HP: 24/24 MP: 5/10
  2120 | D:2      | Reached skill level 5 in Fire Magic
  2211 | D:2      | Learned a level 4 spell: Sticky Flame
  2974 | D:2      | Reached XP level 5. HP: 27/28 MP: 3/11
  3594 | D:2      | Gained mutation: Your magical capacity is low. (-10% MP) [potion of mutation]
  3594 | D:2      | Gained mutation: You are frail. (-10% HP) [potion of mutation]
  3594 | D:2      | Gained mutation: You possess an exceptional clarity of mind. [potion of mutation]
  3594 | D:2      | Gained mutation: You have supernaturally acute eyesight. (SInv) [potion of mutation]
  4224 | D:3      | Found a sacrificial altar of Ru.
  4329 | D:3      | Found a burning altar of Makhleb.
  5039 | D:3      | Reached XP level 6. HP: 24/28 MP: 6/11
  5095 | D:3      | Found a faded altar of an unknown god.
  5095 | D:3      | Found a hazy altar of Hepliaklqana.
  5125 | D:3      | Found a faded altar of an unknown god.
  5128 | D:3      | Found a white marble altar of Elyvilon.
  5130 | D:3      | Found a radiant altar of Vehumet.
  6157 | D:4      | Reached XP level 7. HP: 27/32 MP: 7/13
  6164 | D:4      | Learned a level 5 spell: Fireball
  6202 | D:5      | Entered Level 5 of the Dungeon
  6450 | D:5      | Reached skill level 5 in Conjurations
  6721 | D:5      | Found a transporter.
  6734 | D:5      | Found a transporter.
  6989 | D:5      | Reached skill level 5 in Spellcasting
  7424 | D:6      | Got an ichor-stained scale mail
  7426 | D:6      | Identified the +2 scale mail of Makhleb's Envy {rPois rF+} (You found it on level 6 of the Dungeon)
  7462 | D:5      | Found a stormy altar of Qazlal.
  7679 | D:5      | Reached XP level 8. HP: 23/37 MP: 13/16
  9107 | D:6      | Found a staircase to the Ecumenical Temple.
  9119 | Temple   | Entered the Ecumenical Temple
  9142 | Temple   | Became a worshipper of Sif Muna the Loreminder
  9234 | D:7      | Reached skill level 5 in Dodging
  9514 | D:7      | Noticed Joseph
  9526 | D:7      | Shot with a sling bullet by Joseph

Skill      XL: |  1  2  3  4  5  6  7  8 |
---------------+-------------------------+-----
Fire Magic     | 4 5 6 7 |  7.5
Conjurations   | 2 3 4 5 7 |  7.6
Spellcasting   | 4 5 |  5.2
Dodging        | 3 5 |  5.5
Fighting       | |  0.4
Polearms       | |  0.9
Stealth        | |  2.5

Action                   |  1- 3 |  4- 6 |  7- 9 || total
-------------------------+-------+-------+-------++-------
Melee: Unarmed           |     5 |       |       ||     5
       Spear             |     3 |     5 |       ||     8
       Falchion          |       |     9 |       ||     9
       Trident           |       |    11 |    44 ||    55
 Cast: Flame Tongue      |    62 |   130 |   108 ||   300
       Conjure Flame     |     1 |     4 |     1 ||     6
       Sticky Flame      |       |     6 |    12 ||    18
       Fireball          |       |       |     3 ||     3
  Use: Scroll            |     9 |     3 |     5 ||    17
       Potion            |       |     8 |     2 ||    10
  Eat: Bread ration      |     1 |     2 |     2 ||     5
       Fruit             |       |     2 |       ||     2
       Chunk             |       |     2 |       ||     2
       Meat ration       |       |     1 |       ||     1
       Royal jelly       |       |       |     1 ||     1
Armor: Robe              |     7 |    40 |    52 ||    99
Dodge: Dodged            |    36 |    81 |    93 ||   210
       Rpst.: Falchion   |       |     7 |       ||     7
